 Dungeon Crawl Stone Soup version 0.29.1-15-g9cfb28693d (webtiles) character file.

Game seed: 15911037346285474037

84225 s8an the Severer (level 15, -2/135 (145) HPs)
             Began as a Minotaur Fighter on Mar 16, 2023.
             Was the Champion of Okawaru.
             Slain by a deep troll earth mage (14 damage)
             ... on level 1 of the Depths on Mar 17, 2023.
             The game lasted 01:03:06 (20677 turns).

s8an the Severer (Minotaur Fighter)                Turns: 20677, Time: 01:03:06

HP:   -2/135 (145)  AC: 22    Str: 31    XL:     15   Next: 34%
MP:   14/15         EV: 12    Int:  6    God:    Okawaru [******]
Gold: 2060          SH:  0    Dex: 12    Spells: 14/14 levels left

rFire   + + +      SeeInvis .   O - +4 battleaxe "Paropul" {flame, Fragile rC++ Int+4}
rCold   + + .      Faith    .   (shield currently unavailable)
rNeg    . . .      Spirit   .   P - +3 fire dragon scales
rPois   .          Reflect  .   q - +2 hat
rElec   .          Harm     .   Q - scarf {rC+ rF+}
rCorr   +          Rampage  .   (no gloves)
Will    +....      Rage     3%  I - +0 pair of boots
Stlth   +.........              D - amulet of Oteq {Regen+ Str+5 Int-3 Slay+5}
HPRegen 1.12/turn               m - ring of flight
MPRegen 0.14/turn               R - ring of resist corrosion

@: mighty, heroic, flying, drained
A: horns 2, retaliatory headbutt, berserk 1
a: Renounce Religion, Heroism, Finesse, Duel


You were on level 1 of the Depths.
You worshipped Okawaru.
Okawaru was exalted by your worship.
You visited 4 branches of the dungeon, and saw 23 of its levels.
You also visited: Sewer and Gauntlet.

You collected 2060 gold pieces.

Inventory:

Hand Weapons
 t - the +1 whip of Fesiraen {speed, Contam rElec Str+2 Int+6}
   (You found it on level 4 of the Dungeon)

   Attacks with this weapon are significantly faster.
   Str:       It affects your strength (+2).
   Int:       It affects your intelligence (+6).
   rElec:     It insulates you from electricity.
   Contam:    It causes magical contamination when unequipped.
 x - a +3 battleaxe of freezing
 J - the +8 halberd of the Haunted God {venom, rC+ rCorr}
   (You found it on level 10 of the Dungeon)

   It poisons the flesh of those it strikes.
   rC:        It protects you from cold.
   rCorr:     It protects you from acid and corrosion.
 K - a +4 great sword
 L - a +3 battleaxe
 M - a +3 battleaxe of freezing
 O - the +4 battleaxe "Paropul" (weapon) {flame, Fragile rC++ Int+4}
   (Okawaru gifted it to you on level 3 of the Lair of Beasts)

   It burns those it strikes, dealing additional fire damage.
   Big, fiery blades are also staple armaments of hydra-hunters.
   Int:       It affects your intelligence (+4).
   rC:        It greatly protects you from cold.
   Fragile:   It will be destroyed if unequipped.
Missiles
 S - 8 silver javelins
Armour
 c - a +0 buckler
 e - a +0 plate armour
 q - a +2 hat (worn)
 v - a +1 cloak
 I - a +0 pair of boots (worn)
 P - +3 fire dragon scales (worn)
 Q - a scarf of resistance (worn)
 T - the +1 plate armour of Experimentation {-Cast rPois Str+2}
   (You took it off a minotaur in a Gauntlet)

   Str:       It affects your strength (+2).
   rPois:     It protects you from poison.
   -Cast:     It prevents spellcasting.
Jewellery
 m - a ring of flight (left hand)
 D - the amulet of Oteq (around neck) {Regen+ Str+5 Int-3 Slay+5}
   (You found it in a sewer)

   [amulet of regeneration]

   Str:       It affects your strength (+5).
   Int:       It affects your intelligence (-3).
   Slay:      It affects your accuracy & damage with ranged weapons and melee
   (+5).
   Regen:     It increases your rate of health regeneration.
 R - a ring of resist corrosion (right hand)
Wands
 a - a wand of digging (11)
 p - a wand of paralysis (15)
 y - a wand of polymorph (6)
 C - a wand of quicksilver (13)
 E - a wand of flame (45)
 G - a wand of roots (14) (quivered)
 V - a wand of mindburst (5)
Scrolls
 b - a scroll of blinking
 f - 3 scrolls of immolation
 h - 12 scrolls of teleportation
 i - 5 scrolls of poison
 l - 4 scrolls of amnesia
 o - 5 scrolls of magic mapping
 u - 4 scrolls of butterflies
 N - 5 scrolls of identify
 U - a scroll of enchant weapon
Potions
 d - 2 potions of invisibility
 g - 2 potions of ambrosia
 j - 8 potions of brilliance
 k - 14 potions of heal wounds
 n - 2 potions of resistance
 r - 4 potions of cancellation
 s - 3 potions of mutation {unknown}
 w - 3 potions of berserk rage
 z - 2 potions of flight
 B - 7 potions of curing
 H - 6 potions of might
Miscellaneous
 F - a condenser vane


   Skills:
 + Level 16.5(21.5) Fighting
 * Level 18.3(24.6) Axes
 - Level 11.7(21.4) Maces & Flails
 - Level 2.7(17.3) Polearms
 + Level 16.4(21.4) Armour
 - Level 10.4(15.4) Shields
 - Level 1.4 Invocations


You had 14 spell levels left.
You didn't know any spells.
Your spell library contained the following spells:

 Spells                   Type           Power      Damage    Failure   Level
 Foxfire                  Conj/Fire      0%         2x1d4     63%         1
 Sandblast                Erth           0%         2d4       63%         1
 Shock                    Conj/Air       0%         1d3       63%         1
 Blink                    Tloc           0%         N/A       77%         2
 Passwall                 Tmut/Erth      0%         N/A       77%         2
 Poisonous Vapours        Pois/Air       0%         N/A       77%         2
 Scorch                   Fire           0%         2d5       77%         2
 Static Discharge         Conj/Air       0%         3-3/arc   77%         2
 Conjure Flame            Conj/Fire      0%         6-21      94%         3
 Ignite Poison            Fire/Tmut/Pois 0%         N/A       94%         3
 Inner Flame              Hex/Fire       0%         N/A       94%         3
 Portal Projectile        Hex/Tloc       0%         N/A       94%         3
 Stone Arrow              Conj/Erth      0%         3d7       94%         3
 Swiftness                Air            0%         N/A       94%         3
 Airstrike                Air            0%         2d(0-16)  100%        4
 Anguish                  Hex/Necr       0%         N/A       100%        4
 Corpse Rot               Necr/Pois/Air  0%         N/A       100%        4
 Dispel Undead            Necr           0%         3d6       100%        4
 Flame Wave               Conj/Fire      0%         2d4       100%        4
 Leda's Liquefaction      Hex/Erth       0%         N/A       100%        4
 Petrify                  Tmut/Erth      0%         N/A       100%        4
 Sticky Flame             Conj/Fire      0%         2d3       100%        4
 Iskenderun's Battlesphe  Conj           0%         2d6       100%        5
 Manifold Assault         Tloc           0%         N/A       100%        5
 Metabolic Englaciation   Hex/Ice        0%         N/A       100%        5
 Eringya's Noxious Bog    Tmut/Pois      0%         N/A       100%        6
 Iron Shot                Conj/Erth      0%         9d1       100%        6
 Starburst                Conj/Fire      0%         6d3       100%        6
 Statue Form              Tmut/Erth      0%         N/A       100%        6
 Storm Form               Tmut/Air       0%         N/A       100%        7
 Call Canine Familiar     Summ           Unusable   N/A       N/A         3
 Summon Forest            Summ/Tloc      Unusable   N/A       N/A         5
 Death Channel            Necr           Unusable   N/A       N/A         6
 Spellforged Servitor     Conj/Summ      Unusable   N/A       N/A         7
 Summon Hydra             Summ           Unusable   N/A       N/A         7

Dungeon Overview and Level Annotations

Branches:
Dungeon (15/15)            Temple (1/1) D:7            Lair (5/5) D:10
 Shoals (0/4) Lair:3       Spider (0/4) Lair:2        Slime (0/5) Lair:4
    Orc (0/2) D:9          Vaults (0/5) D:13         Depths (2/4) D:15
  Sewer (visited)         Gauntlet (visited)

Altars:
Ashenzari
Cheibriados
Dithmenos
Elyvilon
Fedhas
Gozag
Hepliaklqana
Kikubaaqudgha
Makhleb
Nemelex Xobeh
Okawaru
Qazlal
Ru
Sif Muna
Trog
Uskayaw
Vehumet
Wu Jian
Xom
Yredelemnul
Zin
The Shining One
Jiyva
Lugonu

Shops:
D:8 (   D:15 *

Portals:
Abyss: Lair:5

Annotations:
D:4 2 transporters, SnailSD's ghost, amateur HOFi
D:6 3 runed translucent doors, NikiYani's ghost, novice MiBe; vampirul's ghost, amateur DjGl
D:9 exclusion: ice statue
D:10 1 transporter


Innate Abilities, Weirdness & Mutations

You have a pair of horns on your head.
You reflexively headbutt those who attack you in melee.
You sometimes lose your temper in combat.


Message History

You slash the deep troll earth mage! You burn the deep troll earth mage.
You slash the stone giant! You burn the stone giant. You slash the necromancer!
You burn the necromancer.
The hell knight hits you with a +5 war axe of flaming!
The deep troll earth mage bites you! The deep troll earth mage misses you.
The deep troll earth mage claws you but does no damage.
The stone giant hits you!!
The necromancer hits you but does no damage.
The hell knight prays to its god.
The hell knight seems to speed up.
The hell knight mumbles some strange prayers to its god.
The hell knight seems to speed up.
The hell knight hits you with a +5 war axe of flaming!
* * * LOW HITPOINT WARNING * * *
You barely miss the deep troll earth mage.
You headbutt the deep troll earth mage!
The deep troll earth mage is moderately wounded.
You slice the stone giant!! You burn the stone giant!
You closely miss the necromancer. You slice the hell knight!!
You carve the deep troll earth mage like a ham!!!
You burn the deep troll earth mage!
The hell knight hits you with a +5 war axe of flaming!
* * * LOW HITPOINT WARNING * * *
You open the deep troll earth mage like a pillowcase!!!
You burn the deep troll earth mage!
You kill the deep troll earth mage!
Okawaru accepts your kill.
You barely miss the deep troll earth mage.
You open the stone giant like a pillowcase!!!
You burn the stone giant!
You kill the stone giant!
Okawaru accepts your kill.
You closely miss the necromancer. You slash the hell knight!
A freezing mist starts to gather... x2
A stone giant simulacrum and a deep troll earth mage simulacrum come into view.
The necromancer hits you but does no damage.
The deep troll earth mage bites you!!
* * * LOW HITPOINT WARNING * * *
The deep troll earth mage claws you!
You die...

#.........###
...........#.###
....#..........#
.............###
.......~....##
.....~.....#
.....~~..###
....Z~Z.##.#
......(@..#
.....ZppT##
.......CpT.
......Tpp.~.#
..............
...........##.#
#..#.p...... #
#..##....8...


You could see a fire giant (soul bound), 4 hell knights, 2 deep trolls, a deep
troll earth mage (soul bound), 2 necromancers, a deep troll simulacrum, a stone
giant simulacrum and a deep troll earth mage simulacrum.

Vanquished Creatures
  Gastronok (D:12)
  Frances (D:12)
  A stone giant (Depths:1)
  A minotaur (Gauntlet)
  An ettin (Depths:1)
  A fire dragon (D:14)
  5 boulder beetles
  A catoblepas (D:13)
  5 hydras
  An ogre mage (D:13)
  A rakshasa (D:15)
  A centaur warrior (D:15)
  6 two-headed ogres
  A deep troll earth mage (Depths:1)
  9 death yaks (Lair:5)
  4 thrashing horrors (Lair:5)
  A skeletal warrior (D:13)
  A large abomination (Lair:5)
  Lodul (D:12)
  A deep troll (Depths:1)
  2 orc knights
  2 wizards (D:15)
  A lindwurm (Lair:2)
  3 necromancers
  An orc sorcerer (D:15)
  3 manticores
  5 deep elf pyromancers
  7 ugly things
  3 cyclopes
  Joseph (D:8)
  3 merfolk sirens (Lair:3)
  A torpor snail (Gauntlet)
  A guardian serpent (shapeshifter) (D:15)
  5 elephants (Lair:5)
  A naga mage (D:15)
  4 black mambas
  3 gargoyles (D:13)
  7 cane toads
  4 smoke demons (Lair:5)
  4 unseen horrors
  Maggie (D:6)
  A rime drake (Lair:3)
  7 komodo dragons
  5 centaur skeletons
  2 kobold demonologists
  A minotaur zombie (Gauntlet)
  A tengu conjurer (D:13)
  2 yaktaurs (D:13)
  A freezing wraith (D:15)
  2 ancient zymes (Lair:5)
  5 trolls
  4 meliai
  A polar bear (Lair:4)
  A merfolk (Lair:3)
  10 slime creatures
  A hornet (D:10)
  7 blink frogs (Lair:5)
  Prince Ribbit (D:8)
  7 dream sheep (Lair:4)
  3 ynoxinuls (Lair:5)
  A vampire (D:12)
  A spriggan (Lair:5)
  A water elemental (Depths:1)
  2 wraiths
  3 shadows
  Grum (D:8)
  5 wyverns
  6 basilisks
  5 steam dragons
  Menkaure (D:4)
  62 yaks
  8 vampire mosquitoes (D:13)
  A chaos spawn (Lair:5)
  3 acid dragons
  13 water moccasins
  2 black bears
  6 orc warriors
  A swamp drake (D:10)
  4 ice beasts
  A sky beast (D:7)
  11 ogres
  18 wolves
  7 centaurs
  2 phantoms
  A kobold brigand (D:8)
  11 bullfrogs
  A scorpion (D:5)
  12 small abominations
  15 wights
  10 killer bees
  6 howler monkeys
  2 lava snakes (D:14)
  9 jellies
  3 orc priests
  3 hounds
  3 iguanas
  6 orc wizards
  2 boggart skeletons
  A mummy (D:4)
  4 gnolls (D:5)
  6 adders
  A shadow imp (D:8)
  A white imp (D:7)
  A dart slug (D:4)
  34 orcs
  5 bats
  7 endoplasms
  3 giant cockroaches
  A hobgoblin (D:1)
  8 jackals
  8 kobolds
  2 quokkas
  2 ball pythons (D:1)
  12 frilled lizards
  8 goblins
  14 rats
  3 bushes (Lair:5)
538 creatures vanquished.

Vanquished Creatures (others)
  A tengu conjurer (D:13)
  A bullfrog (Lair:2)
  A kobold (D:8)
  14 demonic plants (Gauntlet)
  34 fungi
  37 plants
88 creatures vanquished.

Grand Total: 626 creatures vanquished

Notes
Turn   | Place    | Note
-------+----------+-------------------------------------------
     0 | D:1      | s8an the Minotaur Fighter began the quest for the Orb.
     0 | D:1      | Reached XP level 1. HP: 19/19 MP: 0/0
   168 | D:1      | Reached XP level 2. HP: 21/27 MP: 1/1
   406 | D:1      | Reached skill level 3 in Axes
   720 | D:2      | Reached XP level 3. HP: 33/33 MP: 2/2
  1379 | D:3      | Reached XP level 4. HP: 41/41 MP: 3/3
  1932 | D:4      | Identified the +1 whip of Fesiraen {speed, Contam rElec
                  | Str+2 Int+6}
  1932 | D:4      | Noticed a steam dragon
  1932 | D:4      | Noticed SnailSD's ghost (amateur HOFi)
  1945 | D:4      | Noticed a phantom
  1968 | D:4      | Killed a phantom
  1969 | D:4      | Reached skill level 1 in Maces & Flails
  1969 | D:4      | Reached XP level 5. HP: 42/47 MP: 4/4
  2025 | D:4      | Found a transporter.
  2339 | D:4      | Found a transporter.
  2692 | D:4      | Noticed Menkaure
  2701 | D:4      | Killed Menkaure
  2702 | D:4      | Reached skill level 5 in Fighting
  2702 | D:4      | Reached skill level 5 in Armour
  2702 | D:4      | Reached skill level 5 in Shields
  2702 | D:4      | Reached XP level 6. HP: 32/56 MP: 5/5
  3142 | D:5      | Entered Level 5 of the Dungeon
  3147 | D:5      | Found a blossoming altar of Fedhas.
  3201 | D:5      | Reached XP level 7. HP: 58/61 MP: 6/6
  3249 | D:5      | Found a glowing drain.
  3254 | Sewer    | Entered a sewer
  3314 | Sewer    | Identified the amulet of Oteq {Regen+ Str+5 Int-3 Slay+5}
  3631 | D:5      | Reached skill level 5 in Maces & Flails
  4234 | D:6      | Noticed Maggie
  4355 | D:6      | Killed Maggie
  4356 | D:6      | Reached XP level 8. HP: 56/71 MP: 7/7
  4391 | D:6      | Found a radiant altar of Vehumet.
  4828 | D:6      | Found an ancient bone altar of Kikubaaqudgha.
  4991 | D:6      | Found a runed translucent gate.
  4991 | D:6      | Found a runed translucent gate.
  4991 | D:6      | Found a runed translucent gate.
  4993 | D:6      | Noticed NikiYani's ghost (novice MiBe)
  4993 | D:6      | Noticed vampirul's ghost (amateur DjGl)
  5494 | D:7      | Found a staircase to the Ecumenical Temple.
  5500 | Temple   | Entered the Ecumenical Temple
  5549 | Temple   | Became a worshipper of Warmaster Okawaru
  5753 | D:7      | Reached XP level 9. HP: 75/79 MP: 8/8
  5805 | D:7      | Reached * piety under Okawaru
  5824 | D:7      | Noticed a manticore
  5851 | D:7      | Killed a manticore
  5909 | D:7      | Reached skill level 10 in Maces & Flails
  6425 | D:8      | Noticed Joseph
  6474 | D:8      | Found Oviq's Weapon Emporium.
  6487 | D:7      | Reached ** piety under Okawaru
  6540 | D:8      | Killed Joseph
  6541 | D:8      | Reached XP level 10. HP: 80/90 MP: 6/9
  6547 | D:8      | Noticed Grum
  6563 | D:8      | Killed Grum
  6569 | D:8      | Noticed Prince Ribbit
  6573 | D:8      | Reached *** piety under Okawaru
  6584 | D:8      | Killed Prince Ribbit
  6718 | D:8      | Found a basalt altar of Yredelemnul.
  6998 | D:8      | Found an ornate altar of the Wu Jian Council.
  7406 | D:9      | Noticed a two-headed ogre
  7419 | D:9      | Killed a two-headed ogre
  7469 | D:9      | Found a hazy altar of Hepliaklqana.
  7498 | D:9      | Noticed an ice statue
  7572 | D:9      | Reached **** piety under Okawaru
  7682 | D:9      | Reached skill level 10 in Armour
  7797 | D:9      | Reached skill level 10 in Fighting
  7797 | D:9      | Reached skill level 10 in Shields
  7908 | D:9      | Found a staircase to the Orcish Mines.
  7972 | D:9      | Found a sparkling altar of Nemelex Xobeh.
  8121 | D:9      | Reached XP level 11. HP: 77/96 MP: 10/10
  8303 | D:10     | Entered Level 10 of the Dungeon
  8394 | D:10     | Reached skill level 1 in Invocations
  8469 | D:10     | Identified the +8 halberd of the Haunted God {venom, rC+
                  | rCorr}
  8518 | D:10     | Found a transporter.
  8520 | D:10     | Found a transporter.
  8524 | D:10     | Found a transporter.
  8524 | D:10     | Found a transporter.
  8528 | D:10     | Found a transporter.
  8528 | D:10     | Found a transporter.
  8554 | D:10     | Found a glowing golden altar of the Shining One.
  8705 | D:10     | Noticed a two-headed ogre
  8723 | D:10     | Reached skill level 1 in Polearms
  8727 | D:10     | Killed a two-headed ogre
  8727 | D:10     | Reached ***** piety under Okawaru
  8801 | D:10     | Gained mutation: You sometimes lose your temper in combat.
                  | [mutagenic glow]
  8937 | D:10     | Noticed a two-headed ogre
  8940 | D:10     | Killed a two-headed ogre
  8941 | D:10     | Reached skill level 4 in Axes
  9290 | D:10     | Reached skill level 5 in Axes
  9294 | D:10     | Found a staircase to the Lair.
  9326 | D:10     | Received a gift from Okawaru
  9356 | Lair:1   | Entered Level 1 of the Lair of Beasts
  9478 | Lair:1   | Reached skill level 6 in Axes
  9524 | Lair:1   | Reached skill level 7 in Axes
  9535 | Lair:1   | Noticed a seven-headed hydra
  9544 | Lair:1   | Killed an 11-headed hydra
 10048 | Lair:2   | Reached skill level 8 in Axes
 10048 | Lair:2   | Reached XP level 12. HP: 82/111 MP: 12/12
 10328 | Lair:2   | Found a hole to the Spider Nest.
 10617 | Lair:2   | Reached skill level 9 in Axes
 11275 | Lair:3   | Identified the +4 battleaxe "Paropul" {flame, Fragile rC++
                  | Int+4} (Okawaru gifted it to you on level 3 of the Lair of
                  | Beasts)
 11275 | Lair:3   | Received a gift from Okawaru
 11348 | Lair:3   | Noticed an eight-headed hydra
 11365 | Lair:3   | Killed a five-headed hydra
 11366 | Lair:3   | Reached skill level 10 in Axes
 11406 | Lair:3   | Noticed a four-headed hydra
 11412 | Lair:3   | Killed a one-headed hydra
 11501 | Lair:3   | Reached ****** piety under Okawaru
 12079 | Lair:3   | Found a staircase to the Shoals.
 12089 | Lair:3   | Reached skill level 11 in Axes
 12341 | Lair:4   | Noticed a five-headed hydra
 12351 | Lair:4   | Killed a two-headed hydra
 12645 | Lair:4   | Identified the +5 sling of the Final Decision {venom, Str+5
                  | SInv} (Okawaru gifted it to you on level 4 of the Lair of
                  | Beasts)
 12645 | Lair:4   | Received a gift from Okawaru
 12709 | Lair:4   | Found a viscous altar of Jiyva.
 12709 | Lair:4   | Found a staircase to the Slime Pits.
 12713 | Lair:4   | Reached XP level 13. HP: 102/122 MP: 13/13
 12720 | Lair:4   | Reached skill level 12 in Axes
 13563 | Lair:5   | Entered Level 5 of the Lair of Beasts
 13683 | Lair:5   | Found a burning altar of Makhleb.
 13884 | Lair:5   | Reached skill level 13 in Axes
 14233 | Lair:5   | Found a corrupted altar of Lugonu.
 14233 | Lair:5   | Found a one-way gate to the infinite horrors of the Abyss.
 14240 | Lair:5   | Received a gift from Okawaru
 14243 | Lair:5   | Reached skill level 14 in Axes
 14801 | Lair:5   | Received a gift from Okawaru
 14810 | Lair:5   | Reached XP level 14. HP: 66/133 MP: 14/14
 15005 | Lair:5   | Reached skill level 15 in Axes
 15612 | D:11     | Found a faded altar of an unknown god.
 15612 | D:11     | Found a faded altar of an unknown god.
 15612 | D:11     | Found a hazy altar of Hepliaklqana.
 15614 | D:11     | Found a faded altar of an unknown god.
 15928 | D:11     | Identified the +4 ring mail of the Unbroken {rF- Str+2
                  | Stlth+}
 16136 | D:11     | Identified the +7 sling "Nyohul" {flame, rF- rN++ Str+4
                  | Dex+3}
 16573 | D:12     | Noticed Lodul
 16589 | D:12     | Killed Lodul
 16639 | D:12     | Reached skill level 15 in Fighting
 16664 | D:12     | Found a gate leading to a gauntlet.
 16679 | D:12     | Noticed Gastronok
 16681 | Gauntlet | Entered a Gauntlet
 16681 | Gauntlet | Found a transporter.
 16681 | Gauntlet | Found a transporter.
 16681 | Gauntlet | Found a transporter.
 16681 | Gauntlet | Found a transporter.
 16706 | Gauntlet | Found a transporter.
 16721 | Gauntlet | Found a transporter.
 16741 | Gauntlet | Found a transporter.
 16750 | Gauntlet | Found a transporter.
 16758 | Gauntlet | Found a transporter.
 16777 | Gauntlet | Found a transporter.
 16785 | Gauntlet | Found a transporter.
 16803 | Gauntlet | Found a transporter.
 16823 | Gauntlet | Reached skill level 15 in Armour
 16995 | Gauntlet | Noticed an azure jelly
 16996 | Gauntlet | Noticed a quicksilver dragon
 16996 | Gauntlet | an azure jelly changed into a quicksilver dragon
 17085 | Gauntlet | Identified the +1 plate armour of Experimentation {-Cast
                  | rPois Str+2}
 17120 | Gauntlet | Got Zeaso's Spellbook of Heat and Iniquitous Arts
 17164 | D:12     | Killed Gastronok
 17164 | D:12     | Received a gift from Okawaru
 17165 | D:12     | Reached skill level 16 in Axes
 17542 | D:12     | Identified the +7 whip of Mutilation {venom, rPois Will++
                  | Dex+3}
 17559 | D:12     | Noticed Frances
 17569 | D:12     | Killed Frances
 17843 | D:13     | Received a gift from Okawaru
 17859 | D:13     | Identified the +8 hand axe of Mastery {vorpal, rN+ Int+2}
                  | (Okawaru gifted it to you on level 13 of the Dungeon)
 17859 | D:13     | Received a gift from Okawaru
 17867 | D:13     | Reached skill level 17 in Axes
 18830 | D:13     | Found a gate to the Vaults.
 18905 | D:14     | Received a gift from Okawaru
 18907 | D:14     | Reached XP level 15. HP: 144/144 MP: 15/15
 19331 | D:14     | Found the +3 pair of mountain boots {steadfast, rC+}
 19717 | D:15     | Entered Level 15 of the Dungeon
 19917 | D:15     | Found Gowenono's CLEARANCE SALE!.
 20063 | D:15     | Reached skill level 18 in Axes
 20527 | D:15     | Found a staircase to the Depths.
 20542 | Depths:1 | Entered Level 1 of the Depths
 20545 | Depths:1 | Noticed a tengu reaver
 20551 | Depths:1 | Noticed a shadow dragon
 20553 | Depths:2 | Noticed a fire giant
 20652 | Depths:1 | Noticed a fire giant
 20670 | Depths:1 | Received a gift from Okawaru
 20677 | Depths:1 | Slain by a deep troll earth mage

Illustrated notes

Levels and vault maps discovered:
D:1:      dpeg_arrival_windows_large_door, layout_rooms, minmay_tetromino_l4
D:2:      layout_loops_ring, minivault_23
D:3:      layout_basic
D:4:      layout_basic, gammafunk_ghost_arena, gup_ossuary_entry_pyramid,
          uniq_menkaure
D:5:      layout_cave_pods, mainiacjoe_overflow_24_doors, portal_sewer_entry_e
D:6:      layout_loops_corners, overflow_temple_1_default,
          general_overflow_altar, gammafunk_ghost_cemetery,
          minmay_misc_feat_roman, minmay_lizard_king, uniq_maggie
D:7:      minmay_chambers_of_sevens, layout_basic,
          minmay_temple_entry_glassed_door, nicolae_zen_rock_garden
D:8:      layout_rooms, mainiacjoe_overflow_small_starburst, marbit_many_paths,
          serial_shops, nicolae_diamond_shop, kennysheep_generic_room_4,
          uniq_prince_ribbit1, uniq_grum, uniq_joseph
D:9:      lemuel_ice_statue, layout_basic, lemuel_crystal_altar,
          lemuel_crystal_altar, hiddenorc1_lemuel
D:10:     layout_loops_ring, tso_metal_star, erik_lair_dragon,
          serial_nicolae_subway, nicolae_sub_station_metal,
          nicolae_sub_station_stone, nicolae_sub_station_crystal
D:11:     layout_irregular_city, nicolae_hepliaklqana_ecumenical_no_more
D:12:     layout_irregular_city, gauntlet_entry_generic, uniq_gastronok,
          uniq_lodul, uniq_frances
D:13:     layout_long_grid, hangedman_vaults_entry_quadrant_bands,
          minmay_starry_boxes
D:14:     layout_loops_cross, kennysheep_donut
D:15:     grunt_enter_depths_magical_seal, layout_irregular_city,
          hangedman_glass_teeth, nicolae_shop_clearance
Temple:   eino_temple_water
Lair:1:   layout_cave_shapes, beast_lair_carwin_7
Lair:2:   layout_chaotic_city, hellmonk_spider_entry_not_the_bees, st_stairs_5
Lair:3:   layout_hall_layers, elwin_shoals_entry_stream, serial_bayou_pond_a
Lair:4:   layout_layer_cave, minmay_slime_entry_pillars
Lair:5:   hellmonk_lair_end_abyssal_woods, layout_concentric_octagons,
          basic_altar
Depths:1: layout_cave_pools, grunt_metal_band, abyss_entry_crystal,
          minmay_misc_feat_nine_boxes, zin_treasury, uniq_nikola
Depths:2: kennysheep_water_balloons, layout_cave_shapes,
          pf_dread_powers_of_hell, minmay_misc_feat_tiny,
          abyss_entry_small_statue_room, rand_demon_pan_entry_3,
          lemuel_flamethrower_3, uniq_vv

Skill      XL: |  1  2  3  4  5  6  7  8  9 10 11 12 13 14 15 |
---------------+----------------------------------------------+-----
Shields        | 4 5 6 7 8 10 | 10.4
Armour         | 4 5 6 7 8 10 11 13 14 16 | 16.4
Axes           | 3 8 11 14 17 18 | 18.3
Fighting       | 4 5 6 7 8 10 11 13 14 16 | 16.5
Maces & Flails | 1 3 4 6 8 10 11 | 11.7
Invocations    | 1 |  1.4
Polearms       | 2 |  2.7

Action                   |  1- 3 |  4- 6 |  7- 9 | 10-12 | 13-15 || total
-------------------------+-------+-------+-------+-------+-------++-------
Melee: War axe           |    83 |    27 |       |       |       ||   110
       Headbutt          |     7 |    24 |    56 |   118 |   122 ||   327
       Whip              |       |    79 |   248 |   265 |       ||   592
       Battleaxe         |       |       |       |   191 |   516 ||   707
Invok: Heroism           |       |       |     2 |     5 |     3 ||    10
       Finesse           |       |       |       |     1 |     1 ||     2
Evoke: Condenser vane    |       |       |       |     1 |       ||     1
       Wand              |       |       |       |       |     1 ||     1
  Use: Scroll            |       |       |    16 |    12 |     2 ||    30
       Potion            |       |       |     1 |     1 |     4 ||     6
 Stab: Petrified         |       |       |       |       |     1 ||     1
Armor: Plate armour      |    71 |    62 |    97 |   286 |   129 ||   645
       Fire dragon scale |       |       |       |       |   285 ||   285
Dodge: Dodged            |    19 |    24 |    54 |   153 |   223 ||   473
Block: Buckler           |    22 |    23 |    53 |    50 |       ||   148
